 Dungeon Crawl Stone Soup version 0.28-a0-529-g3bad584f25 (webtiles) character file.

Game seed: 10995905072589564986

25 coconutsonar the Chiller (level 2, 0/20 HPs)
             Began as a Draconian Ice Elementalist on Sept 24, 2021.
             Constricted to death by a ball python (1 damage)
             ... on level 2 of the Dungeon.
             The game lasted 00:09:17 (1227 turns).

coconutsonar the Chiller (DrIE)                     Turns: 1227, Time: 00:09:17

Health: 0/20       AC:  4    Str: 10    XL:     2   Next: 82%
Magic:  2/5        EV:  9    Int: 15    God:
Gold:   15         SH:  0    Dex: 11    Spells: 4/5 levels left

rFire   . . .      SeeInvis .   c - +0 whip
rCold   . . .      Faith    .   (no shield)
rNeg    . . .      Spirit   .   (armour unavailable)
rPois   .          Reflect  .   (helmet restricted)
rElec   .          Harm     .   (no cloak)
rCorr   .          Rampage  .   (no gloves)
Will    .....                   (no boots)
Stlth   ++........              (no amulet)
HPRegen 0.06/turn               (no ring)
MPRegen 0.09/turn               (no ring)

@: constricted
A: AC +4, unfitting armour, cold-blooded
a: no special abilities


You were on level 2 of the Dungeon.
You visited 1 branch of the dungeon, and saw 2 of its levels.

You collected 15 gold pieces.

Inventory:

Hand Weapons
 c - a +0 whip (weapon)
Missiles
 b - 26 sling bullets
Scrolls
 d - a scroll of noise {unknown}
 e - a scroll of identify {unknown}
Potions
 a - 2 potions of haste {unknown}


   Skills:
 + Level 1.8 Dodging
 + Level 1.9 Stealth
 + Level 0.4 Unarmed Combat
 + Level 2.4 Spellcasting
 + Level 4.4 Ice Magic


You had 4 spell levels left.
You knew the following spells:

 Your Spells              Type           Power      Damage    Failure   Level
a - Freeze                Ice            60%        1d8       3%          1

Your spell library contained the following spells:

 Spells                   Type           Power      Damage    Failure   Level
 Frozen Ramparts          Ice            30%        1d5       11%         3
 Ozocubu's Armour         Ice            15%        N/A       11%         3
 Hailstorm                Conj/Ice       8%         3d4       63%         4


Dungeon Overview and Level Annotations

Branches:
Dungeon (2/15)

Altars:

Shops:
D:1 ?(*(


Innate Abilities, Weirdness & Mutations

Your plain brown scales are hard. (AC +4)
You cannot fit into any form of body armour.
You are cold-blooded and may be slowed by cold attacks.


Message History

Confirm with . or Enter, or press ? or * to list all spells.
Aiming: Freeze (safe; 3% risk of failure)
Press: ? - help, Shift-Dir - straight line, f/p - ball python
Aim: a ball python (heavily wounded, constricting you, slow)
You miscast Freeze.
Nothing appears to happen.
The ball python is no longer moving slowly.
The ball python bites you but does no damage.
The ball python constricts you.
You escape the ball python's grasp.
There is an open door here.
A ball python is nearby!
A ball python is nearby!
The ball python closely misses you. The ball python barely misses you. x2
The ball python grabs you. The ball python constricts you.
The ball python bites you. The ball python constricts you.
The ball python closely misses you. The ball python constricts you.
The ball python bites you. The ball python constricts you.
The ball python bites you but does no damage.
The ball python constricts you.
Your magical contamination has completely faded away.
The ball python closely misses you. The ball python constricts you.
The ball python bites you but does no damage.
The ball python constricts you. The ball python barely misses you.
The ball python constricts you. The ball python bites you.
The ball python constricts you. The ball python completely misses you.
The ball python constricts you. The ball python barely misses you.
The ball python constricts you. The ball python closely misses you.
The ball python constricts you.
The ball python bites you but does no damage.
The ball python constricts you. The ball python bites you.
* * * LOW HITPOINT WARNING * * *
The ball python constricts you. The ball python bites you.
* * * LOW HITPOINT WARNING * * *
The ball python constricts you. The ball python bites you.
* * * LOW HITPOINT WARNING * * *
The ball python constricts you.
You die...

.....#+##+##
...........#
...........# ..........#
#####......#
...........#
.########'## #S#
#@##.......#
#######.##.......#
.........#.......#
#######..#.......#######
#..#..............
#..#..............
#..#..............
#..#..............
#..######.........


You could see a ball python.

Vanquished Creatures
  4 bats
  2 endoplasms (D:1)
  A giant cockroach (D:1)
  A goblin (D:1)
  5 hobgoblins (D:1)
  A quokka (D:2)
  2 ball pythons (D:1)
  2 frilled lizards (D:1)
  2 kobolds
  2 rats
22 creatures vanquished.

Notes
Turn   | Place    | Note
-------+----------+-------------------------------------------
     0 | D:1      | coconutsonar the Draconian Ice Elementalist began the quest
                  | for the Orb.
     0 | D:1      | Reached XP level 1. HP: 14/14 MP: 3/3
   309 | D:1      | Found Ducot's Antique Weapon Boutique.
   455 | D:1      | Found Wuqytyn's Assorted Antiques.
   462 | D:1      | Reached XP level 2. HP: 13/20 MP: 5/5
   582 | D:1      | Found Hecaox's Weapon Shop.
   595 | D:1      | Found Yrac's Magic Scroll Boutique.
  1227 | D:2      | HP: 1/20 [ball python (3)]
  1227 | D:2      | Constricted to death by a ball python

Illustrated notes

Levels and vault maps discovered:
D:1:      heliophobic_arrival_ceremonial_halls, layout_basic, serial_shops,
          shop, shop_fountains, nicolae_shop_statue_plus, shop
D:2:      layout_basic, hellmonk_ecumenical_altar_pennies_from_heaven

Action                   || total
-------------------------++-------
Melee: Unarmed           ||    40
       Tailslap          ||     9
       Whip              ||     9
 Cast: Freeze            ||    24
Armor: Skin              ||    23
Dodge: Dodged            ||    71

Table legend: (Time is in decaauts)
 A = Elapsed time spent in this place.
 B = Non-inter-level travel time spent in this place.
 C = Inter-level travel time spent in this place.
 D = Time resting spent in this place.
 E = Time spent auto-exploring this place.
 F = Levels seen in this place.
 G = Mean time per level.
                   A        B        C        D        E       F      G
               +--------+--------+--------+--------+--------+-----+--------+
         Total |   1233 |   1226 |      7 |    156 |    242 |   2 |  616.5 |
       Dungeon |   1233 |   1226 |      7 |    156 |    242 |   2 |  616.5 |
               +--------+--------+--------+--------+--------+-----+--------+

Top non-repeatable levels by time:
     D:1: 1082 daAuts
     D:2: 151 daAuts
